 Dungeon Crawl Stone Soup version 0.23-a0-677-g07611c5 (webtiles) character file.

43 Lanoc the Sneak (level 3, -6/30 HPs)
             Began as a Naga Enchanter on Jan 9, 2019.
             Mangled by a worker ant (7 damage)
             ... on level 2 of the Dungeon.
             The game lasted 00:03:47 (1523 turns).

Lanoc the Sneak (Naga Enchanter)                    Turns: 1523, Time: 00:03:48

Health: -6/30      AC:  2    Str: 10    XL:     3   Next: 58%
Magic:  0/6        EV:  9    Int: 16    God:
Gold:   46         SH:  0    Dex: 11    Spells: 0/6 levels left

rFire    + . .     SeeInvis +   a - +1 dagger
rCold    . . .     Gourm    .   (no shield)
rNeg     . . .     Faith    .   k - +0 robe {rF+}
rPois    +         Spirit   .   (no helmet)
rElec    .         Reflect  .   (no cloak)
rCorr    .         Harm     .   (no gloves)
MR       .....                  (no barding)
Stlth    ++........             (no amulet)
HPRegen  0.10/turn              (no ring)
MPRegen  0.10/turn              (no ring)

@: very slightly contaminated, heavily drained, very slow
A: large, see invisible, deformed body, poison resistance, slowness 2, slow
metabolism 1, spit poison 1, AC +1
a: Spit Poison


You were on level 2 of the Dungeon.
You were not hungry.

You visited 1 branch of the dungeon, and saw 2 of its levels.

You collected 46 gold pieces.

Inventory:

Hand Weapons
 a - a +1 dagger (weapon)
Armour
 k - a +0 robe of fire resistance (worn)
Jewellery
 p - a +4 ring of protection {unknown}
 q - an uncursed ring of see invisible {unknown}
Scrolls
 c - a scroll of immolation {unknown}
 e - 5 scrolls of identify {unknown}
 h - a scroll of enchant armour {unknown}
 i - 2 scrolls of remove curse {unknown}
 l - 2 scrolls of teleportation {unknown}
 m - a scroll of amnesia {unknown}
Potions
 f - 2 potions of heal wounds {unknown}
 g - a potion of magic {unknown}
 j - a potion of degeneration {unknown}
 n - a potion of cancellation {unknown}
 o - a potion of curing {unknown}
Comestibles
 b - 5 chunks of flesh
 d - 4 rations


   Skills:
 + Level 0.8(0.0) Fighting
 * Level 1.7(0.5) Short Blades
 + Level 1.8(0.5) Dodging
 * Level 5.0(3.7) Stealth
 + Level 2.1(0.9) Spellcasting
 * Level 3.3(2.0) Hexes


You couldn't memorise any spells.
You knew the following spells:

 Your Spells              Type           Power        Failure   Level  Hunger
a - Corona                Hex            #......      10%         1    ##.....
b - Ensorcelled Hibernat  Hex/Ice        #.....       22%         2    ###....
c - Tukima's Dance        Hex            #.......     30%         3    ####...

Your spell library contained the following spells:

 Spells                   Type           Power        Failure   Level  Hunger
 Confuse                  Hex            #.......     30%         3    ####...
 Dazzling Spray           Conj/Hex       #.....       41%         3    ####...


Dungeon Overview and Level Annotations

Branches:
Dungeon (2/15)

Altars:


Innate Abilities, Weirdness & Mutations

You cannot wear boots.
Your serpentine skin is tough. (AC +1)
You have supernaturally acute eyesight. (SInv)
Armour fits poorly on your strangely shaped body.
Your system is resistant to poisons. (rPois)
You cover ground very slowly.
You have a slow metabolism.
You can spit poison.


Message History

The worker ant resists with some effort.
The worker ant bites you.
* * * LOW HITPOINT WARNING * * *
Casting: Ensorcelled Hibernation (safe; 22% risk of failure)
Confirm with . or Enter, or press ? or * to list all spells.
Aiming: Ensorcelled Hibernation (safe; 22% risk of failure)
Press: ? - help, Shift-Dir - straight line, f/p - worker ant
Aim: a worker ant (moderately wounded, chance to defeat MR: 45%)
You miscast Ensorcelled Hibernation.
You are very lightly contaminated with residual magic.
Nothing appears to happen.
The worker ant bites you.
* * * LOW HITPOINT WARNING * * *
Casting: Ensorcelled Hibernation (safe; 22% risk of failure)
Confirm with . or Enter, or press ? or * to list all spells.
Aiming: Ensorcelled Hibernation (safe; 22% risk of failure)
Press: ? - help, Shift-Dir - straight line, f/p - worker ant
Aim: a worker ant (moderately wounded, chance to defeat MR: 45%)
The worker ant resists with some effort.
The worker ant bites you!
You die...

#.# #.#)......#
#.# #.#.#######
#.# #.#.# #.#
#.#.# #.# #.#.#
##.######. #.#.#
.......... #.#.#
##.#########.# #.#
#...........# #@#
####......... #a#
######.#########.#
.......#.........#
.......#.#########
.......# .......#
.......# .......#


You could see a worker ant.

Vanquished Creatures
  An adder (D:2)
  A worm (D:2)
  A dart slug (D:1)
  2 leopard geckos
  2 bats (D:1)
  4 giant cockroaches
  5 hobgoblins
  3 jackals (D:2)
  A frilled lizard (D:1)
  2 kobolds
  3 rats
25 creatures vanquished.

Notes
Turn   | Place    | Note
-------+----------+-------------------------------------------
     0 | D:1      | Lanoc the Naga Enchanter began the quest for the Orb.
     0 | D:1      | Reached XP level 1. HP: 15/15 MP: 3/3
    57 | D:1      | Reached XP level 2. HP: 21/22 MP: 5/5
  1097 | D:2      | Learned a level 2 spell: Ensorcelled Hibernation
  1181 | D:2      | Reached XP level 3. HP: 30/30 MP: 6/6
  1186 | D:2      | Learned a level 3 spell: Tukima's Dance
  1411 | D:2      | Reached skill level 5 in Stealth
  1522 | D:2      | HP: 1/30 [worker ant (4)]
  1523 | D:2      | Mangled by a worker ant

Vault maps used:
D:1:      minmay_arrival_up_and_down
D:2:      nicolae_qazlal_style_of_elements, minmay_stone_trees_large,
          serial_bayou_lake_a, uniq_robin

Skill      XL: |  1  2  3 |
---------------+----------+-----
Stealth        | 5 |  5.0
Fighting       | |  0.8
Short Blades   | |  1.7
Dodging        | |  1.8
Spellcasting   | |  2.1
Hexes          | |  3.3

Action                   || total
-------------------------++-------
Melee: Dagger            ||    84
 Cast: Ensorcelled Hiber ||     5
 Abil: Spit Poison       ||    15
 Stab: Sleeping          ||     8
  Eat: Chunk             ||     2
Armor: Robe              ||    16
Dodge: Dodged            ||    48

Table legend:
 A = Non-vault XP
 B = Vault XP
 C = Vault XP percentage of total XP
 D = Non-vault monster count
 E = Vault monster count
 F = Vault count percentage of total count
                 A         B        C        D         E       F
            +---------+---------+-------+---------+---------+-------
      Total |      62 |       0 |   0.0 |      25 |       0 |   0.0
            +---------+---------+-------+---------+---------+-------
        D:1 |      26 |       0 |   0.0 |      14 |       0 |   0.0
        D:2 |      36 |       0 |   0.0 |      11 |       0 |   0.0
            +---------+---------+-------+---------+---------+-------
